 Dungeon Crawl Stone Soup version 0.31.0-11-ge490571c62 (webtiles) character file.

Game seed: 13097620753523272372

206 howech the Changeling (level 5, -9/34 HPs)
             Began as an Octopode Shapeshifter on Feb 4, 2024.
             Mangled by Edmund
             ... wielding a +2 dire flail of protection
              (13 damage)
             ... on level 4 of the Dungeon.
             The game lasted 00:06:37 (2303 turns).

howech the Changeling (Octopode Shapeshifter)       Turns: 2303, Time: 00:06:38

Health: -9/34      AC:  1    Str: 13    XL:     5   Next: 84%
Magic:  5/5        EV: 13    Int: 12    God:
Gold:   99         SH:  0    Dex: 14    Spells: 4/4 levels left

rFire   . . .        a - +2 dagger (venom)
rCold   . . .        (no shield)
rNeg    . . .        (helmet currently unavailable)
rPois   .            (no amulet)
rElec   .            (no ring)
rCorr   .            (no ring)
SInv    .            (no ring)
Will    .....        (no ring)
Stlth   +++          (no ring)
HPRegen 0.25/turn    (no ring)
MPRegen 0.09/turn    (no ring)
                     (no ring)

%: no passive effects
@: beast-form
A: beast (slay +2), almost no armour, amphibious, 8 rings, camouflage 1,
gelatinous body 1, (nimble swimmer 1), tentacles
a: Begin Untransformation


You were on level 4 of the Dungeon.
You were a hulking beast.
You visited 1 branch of the dungeon, and saw 4 of its levels.

You collected 99 gold pieces.

Inventory:

Hand Weapons
 a - a +2 dagger of venom (weapon)
 l - a +2 dagger of electrocution
Jewellery
 e - an amulet of magic regeneration
 g - a ring of fire
Talismans
 b - a beast talisman
 c - a flux talisman
Scrolls
 d - 3 scrolls of amnesia {unknown}
 h - 2 scrolls of fog
 j - 2 scrolls of enchant weapon
 k - a scroll of silence
 p - 6 scrolls of identify
 q - a scroll of blinking {unknown}
Potions
 f - a potion of lignification
 i - 4 potions of heal wounds
 m - 2 potions of haste {unknown}
 n - 2 potions of curing {unknown}
 o - a potion of attraction {unknown}
 r - a potion of brilliance {unknown}


   Skills:
 + Level 2.2 Fighting
 + Level 1.6 Short Blades
 + Level 2.7 Dodging
 + Level 2.7 Stealth
 + Level 3.6 Unarmed Combat
 * Level 4.0 Shapeshifting


You had 4 spell levels left.
You didn't know any spells.
Your spell library contained the following spells:

 Spells                   Type           Power      Damage    Failure   Level
 Apportation              Tloc           0%         N/A       32%         1
 Magic Dart               Conj           0%         1d3       32%         1
 Blink                    Tloc           0%         N/A       45%         2
 Call Imp                 Summ           0%         N/A       45%         2
 Jinxbite                 Hex            0%         N/A       45%         2
 Dazzling Flash           Conj/Hex       0%         N/A       69%         3
 Fugue of the Fallen      Necr           0%         N/A       69%         3
 Mephitic Cloud           Conj/Alch/Air  0%         N/A       69%         3
 Ozocubu's Armour         Ice            0%         N/A       69%         3
 Manifold Assault         Tloc           0%         N/A       97%         4
 Alistair's Intoxication  Alch           0%         N/A       100%        5
 Curse of Agony           Necr           0%         N/A       100%        5
 Silence                  Hex/Air        0%         N/A       100%        5


Dungeon Overview and Level Annotations

Branches:
Dungeon (4/15)
 Temple: D:4-7

Altars:

Annotations:
D:4 Edmund


Innate Abilities, Weirdness & Mutations

You are a hulking beast.
Your limbs bulge with bestial killing power. (Slay +2)
You cannot wear most types of armour.
You are amphibious.
You can wear up to eight rings at the same time.
Your skin changes colour to match your surroundings (Stealth+).
Your rubbery body absorbs attacks. (AC +1, EV +1)
((You are camouflaged when in or above water. (Stealth+)))
You have tentacles for arms and can constrict up to eight enemies at once.


Message History

The adder is heavily wounded.
You constrict the adder. The adder closely misses you. The adder misses you.
You hit the adder.
The adder is almost dead.
You constrict the adder.
You kill the adder!
You see here an adder corpse.
A hobgoblin comes into view.
The hobgoblin shouts!
You closely miss the hobgoblin. You grab the hobgoblin.
You constrict the hobgoblin. The hobgoblin hits you.
You hit the hobgoblin.
You kill the hobgoblin!
Okay, then.
HP restored.
You now have 99 gold pieces (gained 7).
Found a stone staircase leading up.
There is a stone staircase leading up here.
r - a glowing amethyst potion
p - 6 scrolls of identify (gained 1) Edmund the Younger comes into view.
He is wielding a +2 dire flail of protection.
Okay, then.
Edmund shouts!
Edmund barely misses you.
You hit Edmund but do no damage.
Edmund is poisoned.
You grab Edmund. You constrict Edmund.
Edmund hits you with a +2 dire flail of protection!
You hit Edmund but do no damage.
Edmund is lightly wounded.
You constrict Edmund, but do no damage.
Edmund hits you with a +2 dire flail of protection!
You release your grip on Edmund.
Edmund attacks as he pursues you!
Edmund hits you with a +2 dire flail of protection!
* * * LOW HITPOINT WARNING * * *
You closely miss Edmund. You grab Edmund. You squeeze Edmund.
Edmund is moderately wounded.
You constrict Edmund, but do no damage.
Edmund hits you with a +2 dire flail of protection!
You die...
Edmund whines, "They better pay attention to me now!"

#. #.# #.. #. #.# #..
#. #.# ### #. #.# #.
#.# #. #.# ##.#### #.#
# #...@.# #.####
##.#..##h# #.##.##
#.....##.####.#...####
......................+
##........####.....####
##....#### ###..##
####. #.## #. #.# #.#
##### #.# .....


You could see Edmund (poisoned).

Vanquished Creatures
  An orc priest (D:3)
  An orc wizard (D:3)
  6 adders
  3 gnolls (D:3)
  A ribbon worm (D:2)
  An orc (D:3)
  6 bats
  8 endoplasms
  2 giant cockroaches
  6 goblins
  6 hobgoblins
  4 jackals (D:1)
  4 quokkas
  6 ball pythons
  3 frilled lizards
  5 kobolds
  5 rats
68 creatures vanquished.

Notes
Turn   | Place    | Note
-------+----------+-------------------------------------------
     0 | D:1      | howech the Octopode Shapeshifter began the quest for the
                  | Orb.
     0 | D:1      | Reached XP level 1. HP: 13/13 MP: 1/1
    61 | D:1      | Reached XP level 2. HP: 12/18 MP: 2/2
   123 | D:1      | Reached skill level 1 in Stealth
   419 | D:1      | Reached XP level 3. HP: 20/23 MP: 3/3
   863 | D:2      | Reached XP level 4. HP: 23/29 MP: 4/4
  1130 | D:2      | Reached skill level 1 in Short Blades
  1651 | D:3      | Reached XP level 5. HP: 24/34 MP: 5/5
  1905 | D:3      | Reached skill level 4 in Shapeshifting
  2293 | D:4      | Noticed Edmund
  2303 | D:4      | Mangled by Edmund

Illustrated notes

Levels and vault maps discovered:
D:1:      dpeg_arrival_shelter, layout_loops_ring
D:2:      layout_loops_cross
D:3:      layout_loops_ring
D:4:      layout_loops_corners, nicolae_elyvilon_peaceful_grove, uniq_edmund,
          uniq_menkaure

Skill      XL: |  1  2  3  4  5 |
---------------+----------------+-----
Stealth        | 1 2 |  2.7
Short Blades   | 1 |  1.6
Fighting       | 2 |  2.2
Shapeshifting  | 4 |  4.0
Dodging        | |  2.7
Unarmed Combat | |  3.6

Action                     |  1- 3 |  4- 6 || total
---------------------------+-------+-------++-------
  Melee: Unarmed           |    12 |       ||    12
         Tentacles         |    11 |    10 ||    21
         Constrict         |     8 |    12 ||    20
         Dagger            |    37 |    53 ||    90
         Punch             |     1 |     4 ||     5
    Use: Scroll            |     2 |     3 ||     5
   Stab: Sleeping          |     9 |    15 ||    24
 Armour: Skin              |    17 |    19 ||    36
  Dodge: Dodged            |    23 |    16 ||    39
